 Dungeon Crawl Stone Soup version 0.28.0 (webtiles) character file.

Game seed: 16305351709917263008

170 Floobenga the Sneak (level 5, -5/49 HPs)
             Began as a Deep Dwarf Delver on Feb 5, 2022.
             Killed from afar by Maggie (23 damage)
             ... with a bolt of fire
             ... on level 8 of the Dungeon.
             The game lasted 00:12:13 (158 turns).

Floobenga the Sneak (Deep Dwarf Delver)              Turns: 158, Time: 00:12:13

Health: -5/49      AC:  3    Str: 18    XL:     5   Next: 25%
Magic:  3/3        EV: 12    Int: 10    God:
Gold:   26         SH:  0    Dex: 14    Spells: 4/4 levels left

rFire   . . .      SeeInvis .   a - +0 hand axe
rCold   . . .      Faith    .   (no shield)
rNeg    . . .      Spirit   .   b - +0 leather armour
rPois   .          Reflect  .   (no helmet)
rElec   .          Harm     .   (no cloak)
rCorr   .          Rampage  .   (no gloves)
Will    .....                   (no boots)
Stlth   +++.......              (no amulet)
HPRegen 0.00/turn               (no ring)
MPRegen 0.08/turn               (no ring)

@: hasted, very quick
A: damage resistance, heal wounds, sense surroundings 1, no regeneration
a: Heal Wounds


You were on level 8 of the Dungeon.
You visited 1 branch of the dungeon, and saw 4 of its levels.

You collected 26 gold pieces.

Inventory:

Hand Weapons
 a - a +0 hand axe (weapon)
Armour
 b - a +0 leather armour (worn)
Wands
 D - a wand of digging (3)
Scrolls
 c - a scroll of fog
 d - a scroll of identify {unknown}
 e - a scroll of fear
 M - a scroll of magic mapping


   Skills:
 - Level 3.0 Fighting
 + Level 5.9 Axes
 - Level 2.1 Dodging
 - Level 6.0 Stealth


You had 4 spell levels left.
You didn't know any spells.
Your spell library was empty.

Dungeon Overview and Level Annotations

Branches:
Dungeon (8/15)
 Temple: D:4-7         Lair: D:8-11

Altars:

Shops:
D:8 *

Annotations:
D:8 1 exclusion, Maggie


Innate Abilities, Weirdness & Mutations

You are resistant to damage.
You can heal yourself by infusing magical energy.
You passively map a small area around you.
You do not regenerate.


Message History

A puff of flame appears from out of thin air!
The puff of flame hits you.
You barely miss something. Something hits you.
You barely miss something. Something hits you.
You barely miss something. Something hits you but does no damage.
You barely miss something. Something hits you but does no damage.
You closely miss something. Something hits you.
You hit something.
Reactivating autopickup.
You feel a bit more experienced.
Press: ? - help, v - describe, . - travel, g - get item
Items here: a +0 dagger; a +0 robe; an orc corpse.
The floor, spattered with blood.
Unknown command.
There is an entrance to Ulual's General Store here.
You can access your shopping list by pressing '$'.
Unknown command.
Unknown command.
Press: ? - help, v - describe, . - travel The floor, spattered with blood.
Placed new exclusion.
Reduced exclusion size to a single square.
You fail to use your ability.
Your magical essence is drained by the effort!
You feel much better.
Maggie the Vainglorious comes into view.
She is wielding a +2 vorpal glaive.
Found 18 gold pieces.
Press: ? - help, v - describe, . - travel
Here: Maggie, wielding a +2 vorpal glaive and wearing +0 acid dragon scales (asleep)
The floor.
Unknown command.
Okay, then.
Okay, then.
Unknown command.
Press: ? - help, v - describe, . - travel
Here: Maggie, wielding a +2 vorpal glaive and wearing +0 acid dragon scales (asleep)
The floor.
Okay, then.
Okay, then.
Unknown command.
The helpless Maggie fails to defend herself.
You slash Maggie!
Maggie is lightly wounded.
Maggie points at you and mumbles some strange words.
The bolt of fire hits you!!
Okay, then.
You feel yourself speed up.
Maggie points at you and mumbles some strange words.
The bolt of fire hits you!!
You die...

, , * , * * #.# # *
#.## .# * ####
#..###.## #. #..
....#.... * #. #.#*
#......, *
#.#####.####$≈≈≈≈ ≈ *
#.........##@≈# *
#...#...#.##@≈# ≈ * *
## #).#.#..##.≈#,∩ * ,
#. #...∩......≈# ,
###.###..#.#..##.≈# ,
....<...#...#.##.≈≈≈≈ ,
###.###.......##.......
, ,...
,......#######..##* *
###. ###.#### .## * ,
#. .## * .#


You could see Maggie.

Vanquished Creatures
  A bullfrog (D:8)
  A howler monkey (D:6)
  2 orc wizards (D:8)
  A howler monkey zombie (D:6)
  An adder (D:6)
  2 orcs
8 creatures vanquished.

Notes
Turn   | Place    | Note
-------+----------+-------------------------------------------
     0 | D:5      | Floobenga the Deep Dwarf Delver began the quest for the
                  | Orb.
     0 | D:5      | Reached XP level 1. HP: 20/20 MP: 1/1
    16 | D:6      | Noticed a sky beast
    16 | D:6      | Noticed a howler monkey
    65 | D:6      | Killed a howler monkey
    66 | D:6      | Reached XP level 2. HP: 12/27 MP: 2/2
    66 | D:6      | Reached XP level 3. HP: 14/33 MP: 3/3
    83 | D:8      | Noticed a bullfrog
    83 | D:8      | Found Ulual's General Store.
    91 | D:8      | Killed a bullfrog
    92 | D:8      | Reached skill level 3 in Fighting
    92 | D:8      | Reached XP level 4. HP: 35/42 MP: 3/3
   111 | D:8      | Reached XP level 5. HP: 29/49 MP: 4/4
   154 | D:8      | Noticed Maggie
   158 | D:8      | Killed from afar by Maggie

Illustrated notes

Levels and vault maps discovered:
D:5:      layout_gridville, nrook_pool_corridor, nicolae_sextant
D:6:      layout_cave_pods, minmay_chambers_of_fives, uniq_menkaure
D:7:      layout_basic, grunt_ministairs_3, hangedman_decor_riveting,
          grunt_decor_resistance
D:8:      gammafunk_steamed_eel, layout_loops_ring, kennysheep_little_box,
          enter_bailey_3, serial_shops, nicolae_shop_advertising_works
          [nicolae_subvault_shop_adworks], gammafunk_ghost_hydra_chop,
          uniq_maggie

Skill      XL: |  1  2  3 |
---------------+----------+-----
Axes           | 4 5 |  5.9
Fighting       | 3 |  3.0
Dodging        | |  2.1
Stealth        | |  6.0

Action                   |  1- 3 |  4- 6 || total
-------------------------+-------+-------++-------
Melee: Hand axe          |    32 |    46 ||    78
       Punch             |     1 |       ||     1
 Abil: Heal Wounds       |     1 |     2 ||     3
  Use: Potion            |       |     1 ||     1
 Stab: Sleeping          |       |     1 ||     1
Armor: Leather armour    |     7 |    11 ||    18
Dodge: Dodged            |    26 |     3 ||    29
